 Dungeon Crawl Stone Soup version 0.27-a0-1324-ge0d8e047f6 (webtiles) character file.

Game seed: 14872294959688479654

336579 Anon1729 the Imperceptible (level 22, -17/132 HPs)
             Began as a Kobold Air Elementalist on June 23, 2021.
             Was the Champion of Wu Jian.
             Demolished by an Ice Fiend (44 damage)
             ... summoned by a deep elf demonologist
             ... on level 3 of the Elven Halls.
             The game lasted 02:44:32 (52376 turns).

Anon1729 the Imperceptible (KoAE)                  Turns: 52376, Time: 02:44:33

Health: -17/132    AC: 17    Str:  7    XL:     22   Next: 88%
Magic:  34/34      EV: 30    Int: 17    God:    Wu Jian [******]
Gold:   898        SH:  0    Dex: 23    Spells: 2/38 levels left

rFire    . . .     SeeInvis +   q - +9 quick blade (elec)
rCold    . . .     Faith    .   (shield restricted)
rNeg     . . .     Spirit   .   a - +5 robe of Night {Dark Will+ SInv}
rPois    .         Reflect  .   I - +2 hat
rElec    .         Harm     .   g - scarf {+Inv}
rCorr    .         Rampage  .   d - +0 pair of gloves
Will     +++..                  Z - +2 pair of boots
Stlth    ++++++++++             i - amulet of regeneration
HPRegen  1.32/turn              t - +4 ring of protection
MPRegen  0.24/turn              O - ring of willpower

@: about to teleport, weakened, studying Ice Magic
A: small, no large weapons, nightstalker 3
}: 2/15 runes: serpentine, barnacled
a: Renounce Religion, Evoke Invisibility, Wall Jump, Serpent's Lash, Heavenly
Storm


You were on level 3 of the Elven Halls.
You worshipped Wu Jian.
Wu Jian was exalted by your worship.
You visited 8 branches of the dungeon, and saw 39 of its levels.
You also visited: Ice Cave.

You collected 3743 gold pieces.
You spent 2845 gold pieces at shops.

Inventory:

Hand Weapons
 q - a +9 quick blade of electrocution (weapon)
Missiles
 A - 11 curare-tipped darts
 Q - 102 poisoned darts
 X - 11 throwing nets
Armour
 a - the +5 robe of Night (worn) {Dark Will+ SInv}
   (You bought it in a shop on level 2 of the Orcish Mines)

   It lets you see invisible.
   It increases your willpower.
 d - a +0 pair of gloves (worn)
 g - a scarf of invisibility (worn)
 I - a +2 hat (worn)
 Z - a +2 pair of boots (worn)
Jewellery
 b - a ring of poison resistance
 i - an amulet of regeneration (around neck)
 t - a +4 ring of protection (left hand)
 v - a ring of protection from fire
 E - a ring of see invisible
 O - a ring of willpower (right hand)
 T - a +6 ring of dexterity
 V - a ring of resist corrosion
 Y - a +4 ring of protection
Wands
 e - a wand of digging (13)
 j - a wand of acid (8)
 p - a wand of paralysis (16)
 w - a wand of polymorph (16)
 L - a wand of flame (69)
 R - a wand of iceblast (45)
Scrolls
 c - 4 scrolls of brand weapon
 n - 15 scrolls of teleportation
 s - 4 scrolls of fear
 y - 3 scrolls of summoning
 B - 12 scrolls of enchant armour
 D - 10 scrolls of vulnerability
 F - 4 scrolls of immolation
 G - 4 scrolls of fog
 H - 5 scrolls of amnesia
 J - 4 scrolls of holy word
 N - 6 scrolls of magic mapping
 P - 4 scrolls of blinking
 S - 2 scrolls of silence
Potions
 f - 2 potions of ambrosia
 h - 4 potions of brilliance
 k - 7 potions of heal wounds
 l - 7 potions of mutation
 m - 3 potions of resistance
 o - 5 potions of haste
 r - 3 potions of cancellation
 u - 2 potions of magic
 x - 19 potions of curing
 z - 3 potions of berserk rage
 C - 11 potions of flight
 K - 6 potions of lignification
 M - 9 potions of might
 W - 2 potions of invisibility
Miscellaneous
 U - a box of beasts


   Skills:
 * Level 11.7 Fighting
 + Level 21.9 Short Blades
 + Level 6.6 Throwing
 - Level 1.0 Armour
 + Level 16.3 Dodging
 + Level 23.6 Stealth
 - Level 8.6 Spellcasting
 - Level 2.0 Conjurations
 + Level 8.3 Hexes
 - Level 9.2 Transmutations
 - Level 9.2 Fire Magic
 + Level 11.8 Ice Magic
 - Level 12.1 Air Magic
 + Level 7.0 Evocations


You had 2 spell levels left.
You knew the following spells:

 Your Spells              Type           Power      Damage    Failure   Level
a - Shock                 Conj/Air       100%       1d9       1%          1
b - Swiftness             Air            48%        N/A       1%          3
c - Airstrike             Air            24%        N/A       1%          4
d - Ignite Poison         Fire/Tmut/Pois 28%        N/A       2%          3
e - Mephitic Cloud        Conj/Pois/Air  23%        N/A       4%          3
f - Apportation           Tloc           14%        N/A       10%         1
g - Corpse Rot            Necr/Air       N/A        N/A       1%          2
h - Wereblood             Tmut           38%        N/A       1%          2
i - Ensorcelled Hibernat  Hex/Ice        82%        N/A       1%          2
j - Irradiate             Conj/Tmut      13%        3d18      26%         5
k - Silence               Hex/Air        21%        N/A       4%          5
l - Metabolic Englaciati  Hex/Ice        20%        N/A       4%          5

Your spell library contained the following spells:

 Spells                   Type           Power      Damage    Failure   Level
 Beastly Appendage        Tmut           76%        N/A       1%          1
 Corona                   Hex            38%        N/A       1%          1
 Foxfire                  Conj/Fire      100%       2x1d9     1%          1
 Sting                    Tmut/Pois      92%        1d7       1%          1
 Poisonous Vapours        Pois/Air       54%        N/A       1%          2
 Slow                     Hex            35%        N/A       1%          2
 Static Discharge         Conj/Air       31%        N/A       1%          2
 Magic Dart               Conj           56%        1d5       4%          1
 Searing Ray              Conj           28%        3d4       7%          2
 Sublimation of Blood     Necr           3%         N/A       16%         2
 Confusing Touch          Hex            35%        N/A       1%          3
 Inner Flame              Hex/Fire       37%        N/A       1%          3
 Tukima's Dance           Hex            35%        N/A       1%          3
 Ice Form                 Ice/Tmut       43%        N/A       1%          4
 Conjure Flame            Conj/Fire      26%        6-21      3%          3
 Dazzling Flash           Conj/Hex       48%        N/A       3%          3
 Cause Fear               Hex            17%        N/A       3%          4
 Spider Form              Tmut/Pois      11%        N/A       4%          3
 Portal Projectile        Hex/Tloc       42%        N/A       5%          3
 Summon Guardian Golem    Hex/Summ       21%        N/A       5%          3
 Blade Hands              Tmut           19%        N/A       6%          5
 Yara's Violent Unravell  Hex/Tmut       18%        3d9       8%          5
 Sticky Flame             Conj/Fire      26%        2d5       10%         4
 Fulminant Prism          Conj/Hex       12%        3d9       12%         4
 Petrify                  Tmut/Erth      23%        N/A       14%         4
 Lightning Bolt           Conj/Air       15%        1d29      16%         5
 Leda's Liquefaction      Hex/Erth       10%        N/A       17%         4
 Stone Arrow              Conj/Erth      20%        3d8       21%         3
 Fireball                 Conj/Fire      13%        3d7       26%         5
 Gell's Gravitas          Tloc           3%         N/A       30%         3
 Lesser Beckoning         Tloc           3%         N/A       30%         3
 Alistair's Intoxication  Tmut/Pois      15%        N/A       38%         5
 Invisibility             Hex            17%        N/A       43%         6
 Bolt of Magma            Conj/Fire/Erth 10%        4d7       52%         5
 Iskenderun's Mystic Bla  Conj/Tloc      10%        2d4       54%         4
 Animate Armour           Summ/Erth      14%        N/A       69%         4
 Olgreb's Toxic Radiance  Pois           7%         N/A       69%         4
 Storm Form               Tmut/Air       21%        N/A       71%         7
 Iskenderun's Battlesphe  Conj           14%        2d7       77%         5
 Dragon Form              Tmut           19%        N/A       88%         7
 Eringya's Noxious Bog    Tmut/Pois      11%        N/A       92%         6
 Statue Form              Tmut/Erth      15%        N/A       92%         6
 Borgnjor's Vile Clutch   Necr/Erth      3%         N/A       95%         5
 Summon Forest            Summ/Tloc      3%         N/A       95%         5
 Iron Shot                Conj/Erth      5%         9d2       100%        6
 Shadow Creatures         Summ           N/A        N/A       100%        6
 Orb of Destruction       Conj           7%         9d3       100%        7
 Spellforged Servitor     Conj/Summ      5%         N/A       100%        7
 Summon Hydra             Summ           3%         N/A       100%        7
 Lehudib's Crystal Spear  Conj/Erth      5%         10d3      100%        8
 Chain Lightning          Conj/Air       15%        3d20      100%        9
 Fire Storm               Conj/Fire      13%        8d3       100%        9
 Polar Vortex             Ice            23%        N/A       100%        9


Dungeon Overview and Level Annotations

Branches:
Dungeon (15/15)            Temple (1/1) D:6            Lair (6/6) D:11
 Shoals (4/4) Lair:3        Snake (4/4) Lair:4        Slime (0/5) Lair:5
    Orc (2/2) D:9             Elf (3/3) Orc:2        Vaults (4/5) D:14
  Crypt (0/3) Vaults:2      IceCv (visited)
 Depths: D:15

Altars:
Ashenzari
Cheibriados
Dithmenos
Elyvilon
Fedhas
Gozag
Hepliaklqana
Kikubaaqudgha
Makhleb
Nemelex Xobeh
Okawaru
Qazlal
Ru
Sif Muna
Trog
Uskayaw
Vehumet
Wu Jian
Xom
Yredelemnul
Zin
The Shining One
Jiyva

Shops:
D:7 ?   Orc:2 :((![   Elf:1 ?   Elf:3 *   Shoals:3 !   Snake:1 ==*   Vaults:1 *
Vaults:2 :[!(

Portals:
Trove: Vaults:1 (give 6 scrolls of blinking)

Annotations:
D:13 3 runed translucent doors, exclusions: hydra and player ghost, Ejudd's ghost, journeyman DjWz
Orc:1 exclusion: 2 orange crystal statues
Elf:2 3 runed translucent doors
Vaults:1 exclusion: downstairs


Innate Abilities, Weirdness & Mutations

You are small and have problems with some larger weapons.
You are completely attuned to the shadows.


Message History

The orange demon is severely wounded.
You hit the orange demon.
The orange demon is almost dead.
You hit the orange demon.
The orange demon is almost dead.
The deep elf demonologist casts a spell.
The orange demon stings you but does no damage.
The orange demon hits you but does no damage.
The deep elf annihilator casts a spell at you.
The crystal spear hits you!!!
You hear a shout!
As you read the scroll of teleportation, it crumbles to dust.
You feel strangely unstable. The orange demon closely misses you.
The orange demon completely misses you.
The deep elf annihilator casts a spell at you.
The bolt of lightning misses you. The Ice Fiend misses you. x2
You spin and attack the orange demon repeatedly.
You barely miss the orange demon.
The orange demon is almost dead.
You hit the orange demon.
The orange demon is almost dead.
You hit the orange demon.
You kill the orange demon!
You spin and attack the Ice Fiend repeatedly.
You hit the Ice Fiend.
The Ice Fiend is lightly wounded.
You hit the Ice Fiend but do no damage.
The Ice Fiend is lightly wounded.
You hit the Ice Fiend but do no damage.
Lightning courses through the Ice Fiend!
The Ice Fiend is lightly wounded.
You hit the Ice Fiend but do no damage.
Lightning courses through the Ice Fiend!
The Ice Fiend is moderately wounded.
The Ice Fiend claws you! The Ice Fiend freezes you!!
* * * LOW HITPOINT WARNING * * *
The Ice Fiend claws you.
* * * LOW HITPOINT WARNING * * *
The Ice Fiend freezes you!!!
You die...

............))...
........)e..))...
....#..#eee....##
...##).##....### ###
#).####### #)e# #e)# #1e#
### #)@################
..# #..)..............#
### #................##
###...).........## ######
#...)........## ##....##
##.'...#####'# ##......##
##..### #.#
#........####.########.#
#.........'............##


You could see an Ice Fiend (summoned), a deep elf annihilator (empowered), a
deep elf demonologist (empowered) and a deep elf high priest (brilliance aura).

Vanquished Creatures
  Vashnia (Snake:2)
  Frederick (Vaults:3)
  Saint Roka (Snake:2)
  A bone dragon (Vaults:2)
  A titan (Vaults:4)
  A deep elf blademaster (Elf:3)
  A quicksilver dragon (Snake:4)
  A kraken (Shoals:4)
  A sphinx (Vaults:4)
  Frances (Shoals:1)
  Polyphemus (Shoals:2)
  A tengu reaver (Vaults:1)
  A fenstrider witch (Shoals:4)
  A nagaraja (Snake:4)
  8 vault wardens
  6 deep elf sorcerers
  6 deep elf elementalists
  2 war gargoyles (Vaults:4)
  9 ironbound preservers
  3 very ugly things
  A stone giant (Vaults:4)
  2 deep elf demonologists
  Azrael (D:13)
  2 deep elf annihilators (Elf:3)
  11 dire elephants
  4 entropy weavers
  5 deep elf death magi
  5 merfolk impalers
  Josephine (Lair:6)
  9 yaktaur captains
  2 great orbs of eyes (Vaults:1)
  A merfolk javelineer (Shoals:2)
  3 deep elf high priests (Elf:3)
  5 boulder beetles
  6 vault guards
  7 hydras
  9 naga warriors
  2 peacekeepers (Vaults:3)
  5 ironbound thunderhulks
  3 ogre magi
  An ice dragon (D:15)
  5 ironbound frosthearts
  3 merfolk avatars
  A salamander tyrant (Snake:4)
  2 alligator snapping turtles
  3 catoblepae
  An anaconda (shapeshifter) (Elf:1)
  9 dancing weapons
  9 centaur warriors
  14 two-headed ogres
  A death knight (D:13)
  8 anacondas
  An orc high priest (Orc:1)
  A deep troll shaman (Lair:6)
  2 merfolk aquamancers (Shoals:4)
  A tengu warrior (D:14)
  11 death yaks
  A satyr (Shoals:3)
  3 shock serpents
  15 naga sharpshooters
  Urug (D:13)
  A hell knight (Vaults:4)
  11 deep elf knights
  13 ironbound beastmasters
  Nergalle (D:10)
  2 skeletal warriors (D:15)
  A storm dragon skeleton (Vaults:4)
  3 salamander mystics
  29 deep trolls
  16 sea snakes
  7 deep elf archers
  4 naga ritualists
  8 wizards
  3 orange crystal statues
  13 ironbound convokers
  A sphinx zombie (Vaults:4)
  4 necromancers
  12 lindwurms
  An orc knight (Orc:2)
  Pikel (D:8)
  4 orc sorcerers
  25 deep elf zephyrmancers
  A human zombie (Vaults:3)
  17 harpies
  A tengu zombie (Vaults:2)
  13 manticores
  A stone giant zombie (Vaults:2)
  29 deep elf pyromancers
  12 mana vipers
  25 ugly things
  A tengu skeleton (Vaults:3)
  14 cyclopes
  8 fauns
  9 salamanders
  16 vault sentinels
  9 elephants
  5 guardian serpents
  31 black mambas
  2 water nymphs
  13 naga magi
  6 merfolk sirens
  3 ice statues (IceCv)
  3 elf zombies
  3 gargoyles (D:10)
  8 cane toads
  2 unseen horrors
  29 yaktaurs
  7 komodo dragons
  A freezing wraith (D:13)
  3 rime drakes
  2 kobold demonologists
  An efreet (D:14)
  A tengu conjurer (D:14)
  A yaktaur skeleton (Vaults:4)
  A troll (shapeshifter) (Vaults:1)
  2 jumping spiders
  17 merfolk
  9 polar bears
  12 trolls
  5 wind drakes
  A hornet (D:9)
  A tengu simulacrum (Vaults:2)
  3 blink frogs (Lair:6)
  32 slime creatures
  8 snapping turtles
  8 dream sheep
  A human simulacrum (Vaults:2)
  An ettin skeleton (Vaults:3)
  Sigmund (D:3)
  A wyvern (D:9)
  4 redbacks
  4 water elementals
  A tarantella (Vaults:2)
  A spriggan (Lair:5)
  36 yaks
  3 fire bats (Lair:2)
  3 wraiths
  A basilisk (Lair:3)
  4 fire elementals
  8 vampire mosquitoes
  An acid dragon (D:12)
  42 nagas
  5 wargs
  3 hell hounds (D:13)
  14 water moccasins
  5 black bears
  7 ice beasts
  A sky beast (D:8)
  15 orc warriors
  2 necrophages
  26 ogres
  14 wolves
  15 centaurs
  5 boggarts (Vaults:1)
  A phantom (D:4)
  A lemure (D:8)
  2 kobold brigands
  A wyvern zombie (D:7)
  A gnoll sergeant (D:9)
  9 bullfrogs
  6 earth elementals
  A scorpion (D:6)
  2 electric eels (D:11)
  12 wights
  A howler monkey (D:7)
  3 centaur zombies
  4 hounds
  16 orc priests
  Jessica (D:2)
  3 iguanas
  Natasha (thrice) (D:2)
  20 orc wizards
  A killer bee zombie (D:5)
  2 hound skeletons
  7 gnolls
  3 adders
  5 white imps
  2 adder skeletons (D:4)
  3 dart slugs
  An orc (shapeshifter) (D:13)
  60 orcs
  4 bats (D:1)
  6 endoplasms
  4 giant cockroaches
  6 goblins
  7 hobgoblins
  4 jackals (D:4)
  3 quokkas
  6 ball pythons
  A frilled lizard (D:1)
  16 kobolds
  8 rats
  A butterfly (Lair:6)
  A tentacle (Shoals:4)
1223 creatures vanquished.

Vanquished Creatures (others)
  A yaktaur (Vaults:4)
  A water elemental (Elf:3)
  An orc wizard (Orc:2)
  22 fungi
  72 plants
  12 tentacles (Shoals:4)
109 creatures vanquished.

Grand Total: 1332 creatures vanquished

Notes
Turn   | Place    | Note
-------+----------+-------------------------------------------
     0 | D:1      | Anon1729 the Kobold Air Elementalist began the quest for
                  | the Orb.
     0 | D:1      | Reached XP level 1. HP: 10/10 MP: 3/3
   282 | D:1      | Reached skill level 3 in Stealth
   327 | D:1      | Reached XP level 2. HP: 15/15 MP: 0/5
   571 | D:1      | Reached XP level 3. HP: 19/19 MP: 2/6
  1350 | D:1      | Reached XP level 4. HP: 19/24 MP: 2/7
  1660 | D:1      | Reached skill level 4 in Stealth
  1840 | D:1      | Found a faded altar of an unknown god.
  2036 | D:2      | Reached skill level 1 in Short Blades
  2160 | D:2      | Noticed Natasha
  2171 | D:2      | Killed Natasha
  2283 | D:2      | Noticed Jessica
  2291 | D:2      | Killed Jessica
  2292 | D:2      | Reached XP level 5. HP: 14/28 MP: 9/9
  2446 | D:2      | Learned a level 3 spell: Swiftness
  2451 | D:2      | Learned a level 4 spell: Airstrike
  2483 | D:2      | Noticed Natasha
  2489 | D:2      | Killed Natasha
  2656 | D:2      | Noticed Natasha
  2685 | D:2      | Killed Natasha
  3276 | D:3      | Noticed Sigmund
  3298 | D:3      | Killed Sigmund
  3299 | D:3      | Reached skill level 5 in Stealth
  3299 | D:3      | Reached XP level 6. HP: 32/32 MP: 7/10
  3691 | D:4      | Noticed an ogre
  3834 | D:4      | Reached XP level 7. HP: 36/36 MP: 11/11
  4003 | D:4      | Found a stormy altar of Qazlal.
  4008 | D:4      | Found a basalt altar of Yredelemnul.
  4132 | D:4      | Reached skill level 6 in Stealth
  4583 | D:4      | Reached skill level 5 in Short Blades
  4583 | D:4      | Reached XP level 8. HP: 31/41 MP: 13/13
  4619 | D:5      | Entered Level 5 of the Dungeon
  4847 | D:5      | Reached skill level 7 in Stealth
  5174 | D:5      | Found a white marble altar of Elyvilon.
  5535 | D:5      | Identified the +7 dagger of Cotu {flame, rF+ Int+6}
  5668 | D:5      | Reached skill level 5 in Dodging
  6178 | D:6      | Reached skill level 8 in Stealth
  6322 | D:6      | Reached XP level 9. HP: 45/45 MP: 15/15
  6577 | D:6      | Reached skill level 5 in Air Magic
  6747 | D:6      | Found a staircase to the Ecumenical Temple.
  6753 | Temple   | Entered the Ecumenical Temple
  7057 | Temple   | Became a worshipper of the Wu Jian Council
  7395 | D:7      | Reached skill level 9 in Stealth
  7619 | D:7      | Found Utawoot's Magic Scroll Shop.
  8070 | D:7      | Reached skill level 5 in Spellcasting
  8745 | D:8      | Noticed a deep elf pyromancer
  8755 | D:8      | Killed a deep elf pyromancer
  8756 | D:8      | Reached skill level 10 in Stealth
  8877 | D:8      | Reached XP level 10. HP: 50/50 MP: 17/17
  9173 | D:8      | Noticed Pikel
  9199 | D:8      | Killed Pikel
  9376 | D:8      | Reached skill level 11 in Stealth
  9748 | D:8      | Reached * piety under Wu Jian
 10051 | D:9      | Noticed a two-headed ogre
 10065 | D:8      | Reached skill level 10 in Short Blades
 10126 | D:9      | Found a sparkling altar of Nemelex Xobeh.
 10372 | D:9      | Found a staircase to the Orcish Mines.
 10415 | D:9      | Noticed a two-headed ogre
 10505 | D:9      | Identified the +2 falchion "Raemor" {freeze, rC+ rN+ Str+7}
 10796 | D:9      | Reached XP level 11. HP: 47/54 MP: 20/20
 10941 | D:9      | Killed a two-headed ogre
 10942 | D:9      | Reached skill level 12 in Stealth
 11092 | D:10     | Entered Level 10 of the Dungeon
 11206 | D:10     | Noticed Nergalle
 11233 | D:10     | Killed Nergalle
 11943 | D:10     | Identified the +6 kite shield of Mure {rPois}
 12407 | D:11     | Noticed a two-headed ogre
 12410 | D:11     | Reached ** piety under Wu Jian
 12463 | D:10     | Reached skill level 13 in Stealth
 12560 | D:11     | Killed a two-headed ogre
 12673 | D:11     | Identified the +6 chain mail of Perfidy {-Cast +Blink rPois
                  | rN+++}
 12699 | D:11     | Noticed a two-headed ogre
 12702 | D:11     | Killed a two-headed ogre
 12731 | D:11     | You fall into a shaft and drop 1 floor!
 12766 | D:12     | Noticed a two-headed ogre
 12796 | D:12     | Killed a two-headed ogre
 12882 | D:12     | Reached XP level 12. HP: 59/59 MP: 6/22
 13038 | D:12     | Noticed a boulder beetle
 13055 | D:12     | Killed a boulder beetle
 13085 | D:12     | Noticed a boulder beetle
 13090 | D:12     | Killed a boulder beetle
 13410 | D:12     | Reached skill level 14 in Stealth
 13871 | D:11     | Found a staircase to the Lair.
 14139 | D:13     | Noticed Urug
 14142 | D:13     | Killed Urug
 14155 | D:13     | Noticed a skeletal warrior
 14155 | D:13     | Noticed a skeletal warrior
 14390 | D:13     | Noticed a centaur warrior
 14403 | D:13     | Killed a centaur warrior
 14471 | D:13     | Noticed a centaur warrior
 14485 | D:13     | Killed a centaur warrior
 14602 | D:13     | Noticed a four-headed hydra
 14603 | D:13     | Reached *** piety under Wu Jian
 14604 | D:13     | Reached skill level 1 in Transmutations
 14604 | D:13     | Reached skill level 1 in Fire Magic
 14606 | D:13     | Killed a four-headed hydra
 14733 | D:13     | Noticed a boulder beetle
 14736 | D:13     | Killed a boulder beetle
 14737 | D:13     | Reached skill level 15 in Stealth
 14737 | D:13     | Reached XP level 13. HP: 63/63 MP: 25/25
 15085 | D:13     | Found a runed translucent gate.
 15086 | D:13     | Found a runed translucent gate.
 15086 | D:13     | Noticed Ejudd's ghost (journeyman DjWz)
 15087 | D:13     | Found a runed translucent gate.
 15087 | D:13     | Noticed a 12-headed hydra
 15482 | D:13     | Noticed Azrael
 15485 | D:13     | Killed Azrael
 15982 | D:14     | Reached skill level 10 in Dodging
 16163 | D:14     | Noticed a centaur warrior
 16290 | D:14     | Noticed a centaur warrior
 16295 | D:14     | Killed a centaur warrior
 16321 | D:14     | Learned a level 3 spell: Ignite Poison
 16363 | D:14     | Killed a centaur warrior
 16573 | D:14     | Found a hide-covered altar of Uskayaw.
 16629 | D:14     | Found a gate to the Vaults.
 16629 | D:14     | Noticed an ogre mage
 16636 | D:14     | Killed an ogre mage
 16874 | D:15     | Entered Level 15 of the Dungeon
 16917 | D:15     | Noticed a boulder beetle
 16920 | D:15     | Killed a boulder beetle
 16921 | D:15     | Reached skill level 16 in Stealth
 17085 | D:15     | Noticed an ice dragon
 17108 | D:15     | Killed an ice dragon
 17109 | D:15     | Reached XP level 14. HP: 68/68 MP: 18/26
 17112 | D:15     | Found a frozen archway.
 17143 | IceCv    | Entered an ice cave
 17207 | IceCv    | Identified the +3 ring mail "Wapu" {Str+4 Dex+3}
 17377 | IceCv    | Learned a level 3 spell: Mephitic Cloud
 17637 | IceCv    | Reached **** piety under Wu Jian
 17682 | IceCv    | Identified a scroll of acquirement
 17682 | IceCv    | Acquired a +3 quick blade
 17858 | D:9      | Reached skill level 15 in Short Blades
 17927 | D:7      | Bought a scroll of teleportation for 36 gold pieces
 17927 | D:7      | Bought a scroll of identify for 24 gold pieces
 17927 | D:7      | Bought a scroll of enchant weapon for 90 gold pieces
 17927 | D:7      | Bought a scroll of teleportation for 36 gold pieces
 17927 | D:7      | Bought a scroll of enchant weapon for 90 gold pieces
 18028 | Lair:1   | Entered Level 1 of the Lair of Beasts
 19216 | Lair:2   | You fall into a shaft and drop 2 floors!
 19264 | Lair:4   | Found a staircase to the Snake Pit.
 19386 | Lair:4   | Reached skill level 17 in Stealth
 20190 | Lair:3   | Found a staircase to the Shoals.
 20197 | Lair:3   | Reached skill level 5 in Fire Magic
 20370 | Lair:3   | You fall into a shaft and drop 2 floors!
 20552 | Lair:3   | Reached skill level 5 in Transmutations
 21086 | Lair:5   | Found a viscous altar of Jiyva.
 21086 | Lair:5   | Found a staircase to the Slime Pits.
 21316 | Lair:5   | Reached XP level 15. HP: 60/72 MP: 27/27
 22020 | Lair:6   | Entered Level 6 of the Lair of Beasts
 22028 | Lair:6   | Reached skill level 10 in Air Magic
 22098 | Lair:6   | Found a sacrificial altar of Ru.
 22228 | Lair:6   | Reached ***** piety under Wu Jian
 22872 | Lair:6   | Reached skill level 18 in Stealth
 22890 | Lair:6   | Noticed Josephine
 22908 | Lair:6   | HP: 1/64 [Josephine/ghostly fireball (27)]
 23257 | Lair:6   | Killed Josephine
 25059 | Orc:1    | Entered Level 1 of the Orcish Mines
 25068 | Orc:1    | Found a runed translucent door.
 25218 | Orc:1    | Found a runed translucent door.
 25554 | Orc:1    | Found the +10 tower shield of Ignorance {rN+ Int-4}
 25813 | Orc:2    | Entered Level 2 of the Orcish Mines
 25993 | Orc:2    | Reached XP level 16. HP: 40/76 MP: 28/28
 26188 | Orc:2    | Reached ****** piety under Wu Jian
 26357 | Orc:2    | Reached skill level 19 in Stealth
 26511 | Orc:2    | Found a staircase to the Elven Halls.
 26575 | Orc:2    | Found Daykext's Armour Boutique.
 26581 | Orc:2    | Bought the +5 robe of Night {Dark Will+ SInv} for 960 gold
                  | pieces
 26581 | Orc:2    | Found the +5 robe of Night {Dark Will+ SInv}
 26698 | Orc:2    | Found Leigg's Weapon Shop.
 26703 | Orc:2    | Found Asuar's Book Shoppe.
 26742 | Orc:2    | Found Biul Buce's Antique Weapon Shop.
 26757 | Orc:2    | Found Goniwn's Distillery.
 27560 | Orc:1    | Learned a level 1 spell: Apportation
 27703 | Snake:1  | Entered Level 1 of the Snake Pit
 27835 | Snake:1  | Found Petag's Jewellery Emporium.
 28082 | Snake:1  | Found Rebid's Jewellery Boutique.
 28099 | Snake:1  | Found Zedytem's General Store.
 28809 | Snake:2  | Noticed Vashnia
 28810 | Snake:2  | Killed Vashnia
 29082 | Snake:2  | Noticed Saint Roka
 29162 | Snake:2  | Reached XP level 17. HP: 80/80 MP: 29/29
 29545 | Snake:2  | Killed Saint Roka
 30169 | Snake:2  | Reached skill level 20 in Stealth
 31469 | Snake:3  | Identified the +6 fustibalus of Qoyhy {venom, rPois rC-
                  | rCorr Int-3}
 32050 | Shoals:1 | Entered Level 1 of the Shoals
 32558 | Shoals:1 | Noticed Frances
 32560 | Shoals:1 | Killed Frances
 33675 | Shoals:2 | Noticed Polyphemus
 33900 | Snake:4  | Entered Level 4 of the Snake Pit
 33921 | Snake:4  | Reached XP level 18. HP: 85/85 MP: 30/30
 34381 | Snake:4  | Found a glowing silver altar of Zin.
 34812 | Snake:3  | Reached skill level 21 in Stealth
 35360 | Snake:4  | Noticed a quicksilver dragon
 35360 | Snake:4  | Noticed a quicksilver dragon
 35450 | Snake:4  | Killed a quicksilver dragon
 35488 | Snake:4  | Got a serpentine rune of Zot
 35932 | Vaults:1 | Entered Level 1 of the Vaults
 35966 | Vaults:1 | Learned a level 2 spell: Corpse Rot
 35969 | Vaults:1 | Learned a level 2 spell: Wereblood
 35972 | Vaults:1 | Learned a level 2 spell: Ensorcelled Hibernation
 36081 | Vaults:1 | Reached skill level 1 in Ice Magic
 36106 | Vaults:1 | Reached skill level 1 in Hexes
 36199 | Vaults:1 | Found Imuires's General Store.
 36203 | Vaults:1 | Bought a scroll of blinking for 105 gold pieces
 36581 | Vaults:1 | Reached XP level 19. HP: 89/89 MP: 31/31
 36725 | Vaults:1 | Found a portal to a secret trove of treasure.
 36994 | Vaults:1 | Reached skill level 22 in Stealth
 37013 | Vaults:1 | Reached skill level 5 in Ice Magic
 37102 | Vaults:1 | Reached skill level 1 in Fighting
 37539 | Vaults:1 | Reached skill level 1 in Armour
 38939 | Vaults:2 | Found Nir Foam's Distillery.
 39283 | Vaults:2 | Found Etuutacu's Book Boutique.
 39437 | Vaults:2 | Reached skill level 5 in Fighting
 39446 | Vaults:2 | Found Coats's Armour Shoppe.
 39579 | Vaults:2 | Reached XP level 20. HP: 106/106 MP: 32/32
 40031 | Vaults:2 | Reached skill level 5 in Hexes
 40320 | Vaults:2 | Noticed a bone dragon
 40322 | Vaults:2 | Killed a bone dragon
 40362 | Vaults:2 | Found a staircase to the Crypt.
 40410 | Vaults:2 | Found Caromnom's Weapon Shop.
 40670 | Vaults:3 | Reached skill level 15 in Dodging
 40887 | Vaults:3 | Reached skill level 1 in Throwing
 41297 | Vaults:3 | Noticed Frederick
 41299 | Vaults:3 | Killed Frederick
 41601 | Vaults:3 | Reached skill level 1 in Evocations
 42668 | Vaults:4 | Found a transporter.
 42688 | Vaults:4 | Found a transporter.
 43073 | Vaults:3 | Learned a level 5 spell: Irradiate
 43079 | Vaults:3 | Learned a level 5 spell: Silence
 43085 | Vaults:3 | Learned a level 5 spell: Metabolic Englaciation
 43840 | Vaults:4 | Reached XP level 21. HP: 118/118 MP: 33/33
 45150 | Vaults:4 | Identified the +9 hand axe "Futir" {vorpal, *Noise rF+
                  | Str+8}
 45151 | Vaults:4 | Identified the +0 scale mail "Cagumeug" {Rampage}
 45234 | Vaults:4 | Reached skill level 23 in Stealth
 45786 | Shoals:2 | Reached skill level 10 in Ice Magic
 45874 | Shoals:2 | Killed Polyphemus
 46127 | Shoals:3 | Found Muikeg's Distillery.
 46131 | Shoals:3 | Bought a potion of flight for 51 gold pieces
 46131 | Shoals:3 | Bought 2 potions of heal wounds for 170 gold pieces
 46131 | Shoals:3 | Bought a potion of heal wounds for 85 gold pieces
 46131 | Shoals:3 | Bought a potion of mutation for 136 gold pieces
 46131 | Shoals:3 | Bought a potion of curing for 51 gold pieces
 46131 | Shoals:3 | Bought a potion of mutation for 136 gold pieces
 46131 | Shoals:3 | Bought a potion of resistance for 170 gold pieces
 46131 | Shoals:3 | Bought a potion of resistance for 170 gold pieces
 46131 | Shoals:3 | Bought a potion of curing for 51 gold pieces
 46131 | Shoals:3 | Bought a potion of haste for 170 gold pieces
 47264 | Shoals:4 | Entered Level 4 of the Shoals
 47974 | Shoals:4 | Reached skill level 10 in Fighting
 48002 | Shoals:4 | Reached skill level 5 in Evocations
 48056 | Shoals:4 | Reached skill level 5 in Throwing
 48627 | Shoals:4 | Got a barnacled rune of Zot
 48935 | Shoals:2 | Reached XP level 22. HP: 128/128 MP: 34/34
 49213 | Elf:1    | Entered Level 1 of the Elven Halls
 49244 | Elf:1    | Found a radiant altar of Vehumet.
 49450 | Elf:1    | Identified the +5 great sword "Kuewapt" {freeze, Will+
                  | Str+2}
 49488 | Elf:1    | Found Reag Jype's Magic Scroll Boutique.
 49491 | Elf:1    | Bought a scroll of teleportation for 42 gold pieces
 49491 | Elf:1    | Bought a scroll of teleportation for 42 gold pieces
 49491 | Elf:1    | Bought a scroll of teleportation for 42 gold pieces
 49491 | Elf:1    | Bought a scroll of fog for 28 gold pieces
 49491 | Elf:1    | Bought a scroll of enchant weapon for 105 gold pieces
 50113 | Elf:1    | Identified the Papyrus of Creative Conjuration
 50611 | Elf:2    | Found a runed translucent gate.
 50612 | Elf:2    | Found a runed translucent gate.
 50613 | Elf:2    | Found a runed translucent gate.
 51052 | Elf:3    | Entered Level 3 of the Elven Halls
 51091 | Elf:3    | Found Xalewn's General Store.
 51096 | Elf:3    | Bought a potion of heal wounds for 55 gold pieces
 52249 | Elf:3    | Identified the +9 great sword of the Messenger {holy, rElec
                  | rN+ Str-4}
 52376 | Elf:3    | Demolished by an Ice Fiend

Illustrated notes

Levels and vault maps discovered:
D:1:      amcnicky_arrival_wind_blow, layout_rooms,
          hellmonk_ecumenical_altar_inner_sanctum, corner_web_ring
D:2:      layout_rooms, uniq_jessica, uniq_natasha
D:3:      layout_loops_ring, grunt_ministairs_15, uniq_sigmund
D:4:      layout_gridville, chequers_temple_overflow_statue_of_worship,
          dk_noncrumbling_3, minmay_bent
D:5:      layout_layer_cave, kennysheep_mini_moat, minmay_misc_feat_enclosed,
          minmay_misc_feat_square, chequers_garden
D:6:      layout_basic, minmay_temple_entry_trees
D:7:      layout_cave_pods, serial_shops, kennysheep_mini, dk_rats_in_the_wall
D:8:      layout_basic, uniq_pikel
D:9:      layout_rooms, amcnicky_altar_gilded
D:10:     layout_stronghold, minmay_statues_item, chequers_serial_rivers_marsh,
          uniq_nergalle
D:11:     layout_cave_pools, erik_lair_island
D:12:     layout_rooms
D:13:     layout_layer_cave, gammafunk_ghost_hydra_chop, uniq_urug, uniq_azrael
D:14:     layout_gridville, david_vaults_2, nicolae_uskayaw_dance_hall
D:15:     hangedman_depths_entry_try_elsewhere_first, layout_irregular_city,
          nicolae_gozag_seed_capital, portal_ice_cave_entry_animals_and_master,
          bh_walls_and_bars, uniq_agnes, uniq_jorgrun
Temple:   dpeg_five_rooms_temple
Lair:1:   layout_cave_shapes
Lair:2:   layout_gridlike, nicolae_volcano_entry_batcave, lemuel_fruit_tree
Lair:3:   layout_small_grid, minmay_shoals_entry_beasts
Lair:4:   layout_misc_corridors, dummy_snake_entry, grunt_megastairs_5
Lair:5:   layout_cellular_growth, slime_altar_1, grunt_forest_stairs_clearing
Lair:6:   grunt_lair_end_beastmaster, layout_small_grid, basic_altar,
          lemuel_fruit_fields, uniq_josephine
Shoals:1: layout_shoals, uniq_frances
Shoals:2: layout_shoals, nicolae_island_escapes, uniq_polyphemus
Shoals:3: layout_shoals, serial_shops, nicolae_diamond_shop, st_cyclops
Shoals:4: shoals_end_hangedman, layout_shoals,
          nicolae_shoals_beach_house_on_fowls_legs
Snake:1:  layout_layer_cave, serial_shops, shop, shop, shop
Snake:2:  layout_layer_cave, uniq_saint_roka, uniq_vashnia
Snake:3:  layout_cave_town
Snake:4:  hellmonk_snake_rune_quicksilver_temple, layout_chambers, basic_altar,
          nicolae_snake_coiling_death, grunt_megastairs_4
Orc:1:    layout_diamond_mine, chequers_guarded_unrand_ignorance
Orc:2:    st_orc_open, layout_caves, serial_shops, nicolae_shop_trees,
          elves_outpost_lemuel
Elf:1:    eino_elf_arrival_altar, layout_geoelf_grid, serial_shops, shop,
          minmay_elf_sorcery, drop_trap
Elf:2:    layout_geoelf_diagonals, glass_columns_a
Elf:3:    minmay_elf_hall_spiked, layout_gridlike, serial_shops, shop
Vaults:1: v_misc_5, v_misc_12, ontoclasm_vaults_chip,
          nicolae_vaults_stairing_the_circle, v_misc_23, v_misc_18,
          nicolae_vaults_halls_meeting, vaults_mumra_minichess_inversion,
          vaults_room_semicircle, layout_vaults_omnigrid, serial_shops,
          shop_statue, enter_trove_0
Vaults:2: vaults_standard_mumra_lines, nicolae_vaults_back_hallway,
          nicolae_vaults_network_s, nicolae_vaults_sealed_display,
          ontoclasm_vaults_loading_screen, ontoclasm_vaults_fault,
          minmay_crypt_entry_nasty_monster, layout_vaults_big_room,
          serial_shops, shop, nicolae_shop_behind_doors, nicolae_shop_trees,
          shop
Vaults:3: v_misc_5, vaults_mumra_hex, nicolae_vaults_gold_heap,
          hangedman_vaults_river_flow, v_pattern_1, v_misc_27, v_misc_29,
          nicolae_vaults_hallways_thing, v_misc_24, ontoclasm_vaults_shuriken,
          vaults_dpeg_spiral, grunt_vaults_focal,
          hangedman_vaults_stretched_pinwheel, layout_vaults_omnibox,
          uniq_frederick
Vaults:4: ontoclasm_vaults_ring_square, hangedman_vaults_nails,
          gammafunk_sealed_arena, vaults_room_ringed_pool, v_misc_12,
          ontoclasm_vaults_ligature, v_pattern_4, v_misc_9, vaults_room_corners,
          vaults_dpeg_encased_lava, dpeg_vaults_monster_box,
          layout_vaults_omnicross

Skill      XL: |  1  2  3  4  5  6  7  8  9 10 11 12 13 14 15 16 17 18 19 20 21 22 |
---------------+-------------------------------------------------------------------+-----
Stealth        | 3 4 5 6 8 10 11 13 15 16 17 18 19 20 21 22 23 | 23.6
Short Blades   | 1 3 5 6 8 10 12 13 14 15 17 18 19 20 21 | 21.9
Dodging        | 3 4 5 6 7 8 9 10 11 12 13 14 15 16 | 16.3
Conjurations   | 2 |  2.0
Spellcasting   | 3 4 5 6 7 8 |  8.6
Air Magic      | 4 5 6 7 8 9 10 11 12 | 12.1
Transmutations | 1 3 5 6 7 8 9 |  9.2
Fire Magic     | 1 3 5 6 7 8 9 |  9.2
Ice Magic      | 3 7 9 10 11 | 11.8
Hexes          | 2 4 6 7 8 |  8.3
Fighting       | 5 8 10 11 | 11.7
Armour         | 1 |  1.0
Throwing       | 3 5 6 |  6.6
Evocations     | 2 5 7 |  7.0

Action                   |  1- 3 |  4- 6 |  7- 9 | 10-12 | 13-15 | 16-18 | 19-21 | 22-24 || total
-------------------------+-------+-------+-------+-------+-------+-------+-------+-------++-------
Melee: Unarmed           |    13 |       |       |       |       |       |       |       ||    13
       Dagger            |    28 |     5 |       |       |       |       |       |       ||    33
       Short sword       |       |    74 |   277 |   766 |   343 |       |       |       ||  1460
       Quick blade       |       |       |       |       |  1355 |  1664 |  2433 |   826 ||  6278
 Cast: Shock             |    63 |    22 |     6 |    10 |     1 |       |       |       ||   102
       Swiftness         |       |       |     1 |     4 |     5 |     8 |     7 |     1 ||    26
       Airstrike         |       |       |    11 |    32 |    13 |     7 |     2 |       ||    65
       Ignite Poison     |       |       |       |       |    13 |     2 |       |       ||    15
       Mephitic Cloud    |       |       |       |       |     7 |     5 |       |       ||    12
       Apportation       |       |       |       |       |       |     2 |       |       ||     2
Invok: Lunge             |       |       |    13 |    45 |    71 |   140 |   143 |    52 ||   464
       Whirlwind         |       |       |       |    62 |   150 |   128 |   190 |   108 ||   638
       Serpent's Lash    |       |       |       |       |     4 |    16 |    16 |     4 ||    40
 Abil: Wall Jump         |       |       |       |       |     1 |     1 |     1 |     1 ||     4
Evoke: Wand              |       |       |       |     8 |     4 |     5 |     3 |       ||    20
  Use: Potion            |       |       |       |     4 |     4 |     5 |       |       ||    13
       Scroll            |       |       |       |    17 |    15 |     4 |     2 |     5 ||    43
 Stab: Sleeping          |     2 |    11 |    23 |    31 |    74 |   128 |   114 |    38 ||   421
       Distracted        |       |       |     2 |     5 |    12 |    13 |    29 |     2 ||    63
       Confused          |       |       |       |       |       |     2 |       |       ||     2
Armor: Robe              |    10 |     3 |       |       |       |    84 |   149 |    41 ||   287
       Leather armour    |       |    21 |    99 |   142 |   213 |    19 |       |       ||   494
Dodge: Dodged            |    49 |    56 |   175 |   449 |   703 |   482 |   848 |   215 ||  2977

Table legend: (Time is in decaauts)
 A = Elapsed time spent in this place.
 B = Non-inter-level travel time spent in this place.
 C = Inter-level travel time spent in this place.
 D = Time resting spent in this place.
 E = Time spent auto-exploring this place.
 F = Levels seen in this place.
 G = Mean time per level.
                   A        B        C        D        E       F      G
               +--------+--------+--------+--------+--------+-----+--------+
         Total |  50111 |  46308 |   3803 |   3739 |  32777 |  40 | 1252.8 |
       Dungeon |  17093 |  15946 |   1147 |   1439 |  11557 |  15 | 1139.5 |
        Temple |    356 |    248 |    108 |      0 |    245 |   1 |  356.0 |
          Lair |   6920 |   6120 |    800 |    347 |   4893 |   6 | 1153.3 |
        Shoals |   5619 |   5435 |    184 |    371 |   4159 |   4 | 1404.8 |
     Snake Pit |   5842 |   5560 |    282 |    400 |   3935 |   4 | 1460.5 |
  Orcish Mines |   2182 |   1842 |    340 |    125 |   1006 |   2 | 1091.0 |
   Elven Halls |   2898 |   2807 |     91 |    192 |   2028 |   3 |  966.0 |
        Vaults |   8666 |   7817 |    849 |    651 |   4952 |   4 | 2166.5 |
      Ice Cave |    530 |    530 |      0 |    213 |      0 |   1 |  530.0 |
               +--------+--------+--------+--------+--------+-----+--------+

Top non-repeatable levels by time:
Vaults:1: 2646 daAuts
Vaults:3: 2300 daAuts
     D:1: 2089 daAuts
Vaults:4: 1922 daAuts
 Snake:2: 1884 daAuts
    D:13: 1800 daAuts
Vaults:2: 1798 daAuts
Shoals:4: 1657 daAuts
  Lair:6: 1617 daAuts
     D:8: 1532 daAuts
 Snake:4: 1511 daAuts
Shoals:1: 1422 daAuts
    D:10: 1392 daAuts
     D:7: 1380 daAuts
     D:5: 1339 daAuts
